 Dungeon Crawl Stone Soup version 0.29-a0-2-g12fcac58f8 (webtiles) character file.

Game seed: 547750563738575945

119 Shayle the Sneak (level 4, 0/26 HPs)
             Began as a Vampire Warper on Jan 26, 2022.
             Was an Initiate of Hepliaklqana.
             Slain by Duvessa (9 damage)
             ... on level 4 of the Dungeon.
             The game lasted 00:14:28 (2421 turns).

Shayle the Sneak (Vampire Warper)                   Turns: 2421, Time: 00:14:28

Health: 0/26       AC:  0    Str:  7 (10) XL:     4   Next: 74%
Magic:  7/7        EV: 19    Int: 13 (15) God:    Hepliaklqana [......]
Gold:   104        SH:  0    Dex: 18 (20) Spells: 7/7 levels left

rFire   . . .      SeeInvis +     - Unarmed
rCold   + + .      Faith    .   (shield currently unavailable)
rNeg    + + +      Spirit   .   (armour currently unavailable)
rPois   ∞          Reflect  .   (helmet currently unavailable)
rElec   .          Harm     .   (cloak currently unavailable)
rCorr   .          Rampage  .   (gloves currently unavailable)
Will    .....                   (boots currently unavailable)
Stlth   +++++.....              (no amulet)
HPRegen 0.00/turn               (ring currently unavailable)
MPRegen 0.10/turn               (ring currently unavailable)

@: bat-form, flying, bloodless, inhibited regen, very quick
A: fast, flying, no casting, tiny, bloodless, fangs 3, see invisible, vampiric 2
a: Revivify, End Transformation, Renounce Religion


You were on level 4 of the Dungeon.
You worshipped Hepliaklqana.
Hepliaklqana was noncommittal.
You were a vampire bat.
You visited 2 branches of the dungeon, and saw 5 of its levels.

You collected 104 gold pieces.

Inventory:

Hand Weapons
 c - a +2 flail of protection (melded)
 j - the +6 hunting sling "Fugyov" {speed, rN+ Will- MP+9 SInv}
   (You found it on level 2 of the Dungeon)

   Attacks with this weapon are significantly faster.
   rN:        It protects you from negative energy.
   MP:        It affects your magic capacity (+9).
   SInv:      It lets you see invisible.
   Will:      It decreases your willpower.
Missiles
 h - a javelin
 m - a poisoned dart (quivered)
Armour
 a - a +0 leather armour (melded)
 i - a +2 cloak (melded)
 l - the +1 robe of Monotheism {Harm Rampage Str-5 Dex+8}
   (You found it on level 3 of the Dungeon)

   Str:       It affects your strength (-5).
   Dex:       It affects your dexterity (+8).
   Harm:      It increases damage dealt and taken.
   Rampage:   It bestows one free step when moving towards enemies.
Scrolls
 b - 2 scrolls of fog
 d - a scroll of enchant armour
Potions
 f - a potion of degeneration


   Skills:
 - Level 1.7 Fighting
 - Level 0.7 Throwing
 - Level 0.7 Armour
 - Level 2.1 Dodging
 + Level 4.8 Stealth
 + Level 4.1 Unarmed Combat
 - Level 2.0 Spellcasting
 - Level 2.4 Translocations
 * Level 0.3 Invocations


You had 7 spell levels left.
You didn't know any spells.
Your spell library contained the following spells:

 Spells                   Type           Power      Damage    Failure   Level
 Blink                    Tloc           14%        N/A       14%         2
 Gell's Gravitas          Tloc           7%         N/A       28%         3
 Lesser Beckoning         Tloc           7%         N/A       28%         3
 Teleport Other           Tloc           7%         N/A       28%         3
 Sublimation of Blood     Necr           1%         N/A       36%         2
 Petrify                  Tmut/Erth      1%         N/A       94%         4
 Manifold Assault         Tloc           7%         N/A       95%         5
 Irradiate                Conj/Tmut      0%         3d14      100%        5


Dungeon Overview and Level Annotations

Branches:
Dungeon (4/15)             Temple (1/1) D:4

Altars:
Ashenzari
Cheibriados
Dithmenos
Elyvilon
Fedhas
Gozag
Hepliaklqana
Kikubaaqudgha
Nemelex Xobeh
Okawaru
Qazlal
Ru
Sif Muna
Trog
Uskayaw
Vehumet
Xom
Zin
The Shining One

Shops:
D:3 (

Annotations:
D:3 2 transporters, rogsnak's ghost, amateur DrEE
D:4 Dowan; Duvessa; Grinder


Innate Abilities, Weirdness & Mutations

You are a vampire bat.
You are tiny and dextrous.
You move quickly.
You are flying.
You are immune to poison.
Your equipment is almost entirely melded.
You are incapable of wielding weapons or throwing items.
You cannot cast spells.
You do not regenerate when monsters are visible.
You are frail without blood (-20% HP).
You can heal yourself when you bite living creatures.
You are immune to poison.
You have razor-sharp teeth.
You have supernaturally acute eyesight. (SInv)
You are afflicted with vampirism and can become a bat while bloodless.


Message History

Dowan gestures at you while chanting. You resist with some effort.
There is a staircase to the Ecumenical Temple here.
The howler monkey hoots and howls with incredible vigour!
You hear an angry hiss.
Found a ring mail.
The howler monkey hoots and howls with incredible vigour!
An iguana comes into view.
Found a stone staircase leading up.
An adder comes into view.
Duvessa hits you with a +0 short sword!
The adder hisses angrily.
Okay, then.
You hit the adder.
The adder is lightly wounded.
The adder completely misses you.
You hit the adder.
The adder is moderately wounded.
The adder completely misses you. Duvessa barely misses you.
You closely miss the adder. You bite the adder.
You draw the adder's blood!
You feel better.
The adder is heavily wounded.
The adder bites you. Duvessa closely misses you. The adder bites you.
Unknown command.
Okay, then.
You hit the adder.
The adder is severely wounded.
Duvessa misses you. The adder bites you.
Unknown command.
You barely miss the adder. You bite the adder.
You kill the adder!
Duvessa barely misses you.
You feel your intelligence returning.
You hit the iguana.
The iguana is lightly wounded.
Duvessa completely misses you.
You hit the iguana.
The iguana is lightly wounded.
The iguana misses you. Duvessa hits you with a +0 short sword!
You die...

#.<# #..# #..# ..###
..... #.#.# #l#l#
#.#b#
#.#e################
#..e.......5........
#.#.....e.≈≈≈≈≈.....
#.#.....≈≈≈≈≈≈≈≈≈o..
#.#...≈≈≈≈≈≈≈≈≈≈≈≈≈.
#.##.≈≈≈≈≈≈≈≈≈≈≈≈≈≈≈
#.##.≈≈≈≈≈≈...≈≈≈≈≈≈
#.##.≈≈≈≈≈≈.>.......


You could see Duvessa, Dowan and an iguana.

Vanquished Creatures
  An orc priest (D:3)
  3 adders
  A worm (D:4)
  A dart slug (D:3)
  4 orcs
  3 ball pythons
  6 endoplasms
  2 giant cockroaches (D:2)
  4 goblins
  7 hobgoblins
  5 kobolds
  2 quokkas
  6 bats
  3 frilled lizards
  4 rats
52 creatures vanquished.

Vanquished Creatures (others)
  4 plants (D:2)
4 creatures vanquished.

Grand Total: 56 creatures vanquished

Notes
Turn   | Place    | Note
-------+----------+-------------------------------------------
     0 | D:1      | Shayle the Vampire Warper began the quest for the Orb.
     0 | D:1      | Reached XP level 1. HP: 16/16 MP: 3/3
    58 | D:2      | Found a shadowy altar of Dithmenos.
   233 | D:2      | Reached skill level 1 in Stealth
   261 | D:2      | Reached XP level 2. HP: 20/22 MP: 5/5
   528 | D:1      | Found a faded altar of an unknown god.
   632 | D:2      | Identified the +6 hunting sling "Fugyov" {speed, rN+ Will-
                  | MP+9 SInv}
   783 | D:2      | Gained mutation: You are afflicted with vampirism and can
                  | become a bat while bloodless. [Vampire growth]
   783 | D:2      | Reached XP level 3. HP: 19/27 MP: 6/6
  1092 | D:3      | Found a transporter.
  1103 | D:3      | Found a transporter.
  1103 | D:3      | Noticed a small abomination
  1151 | D:3      | Identified the +1 robe of Monotheism {Harm Rampage Str-5
                  | Dex+8}
  1209 | D:3      | Found Uzeysiar's Antique Weapon Shop.
  1251 | D:3      | Reached XP level 4. HP: 24/33 MP: 7/7
  1816 | D:3      | Noticed a small abomination
  2050 | D:3      | Noticed rogsnak's ghost (amateur DrEE)
  2121 | D:4      | Found a staircase to the Ecumenical Temple.
  2218 | D:4      | Noticed Grinder
  2219 | D:4      | Noticed Duvessa
  2219 | D:4      | Noticed Dowan
  2221 | Temple   | Entered the Ecumenical Temple
  2365 | Temple   | Became a worshipper of Hepliaklqana the Forgotten
  2421 | D:4      | Slain by Duvessa

Illustrated notes

Levels and vault maps discovered:
D:1:      onia_arrival_pyramid, layout_basic, ebering_ecumenical_altar_box
D:2:      layout_loops_ring, basic_altar, serial_forest,
          infiniplex_forest_clump_small, infiniplex_forest_3_way,
          infiniplex_forest_corner_1, infiniplex_forest_clump_diagonal,
          infiniplex_forest_clump_diagonal, infiniplex_forest_clump_large,
          minmay_unequal
D:3:      layout_loops_ring, mainiacjoe_overflow_alcove_1,
          gammafunk_ghost_abyssal_escape, serial_shops, nicolae_shop_waterfront,
          feat_on_display
D:4:      layout_loops_ring, temple_pool_b, serial_shops,
          nicolae_shop_bloodbath_and_beyond, uniq_grinder, uniq_duvessa,
          uniq_natasha
Temple:   compressed_dpeg_circular_temple

Skill      XL: |  1  2  3  4 |
---------------+-------------+-----
Stealth        | 1 3 4 |  4.8
Unarmed Combat | 3 4 |  4.1
Fighting       | |  1.7
Throwing       | |  0.7
Armour         | |  0.7
Dodging        | |  2.1
Spellcasting   | |  2.0
Translocations | |  2.4
Invocations    | |  0.3

Action                   |  1- 3 |  4- 6 || total
-------------------------+-------+-------++-------
Melee: Unarmed           |   121 |    53 ||   174
       Bite              |    12 |     9 ||    21
       Flail             |       |    35 ||    35
Throw: Boomerang         |     4 |     1 ||     5
       Dart              |       |     4 ||     4
       Javelin           |       |     2 ||     2
 Abil: Bat Form          |       |     1 ||     1
       Exsanguinate      |       |     1 ||     1
  Use: Scroll            |     1 |     5 ||     6
       Potion            |     2 |     1 ||     3
 Stab: Sleeping          |     3 |     2 ||     5
       Distracted        |     1 |       ||     1
Armor: Leather armour    |    41 |    37 ||    78
       Skin              |     4 |     4 ||     8
Dodge: Dodged            |   100 |    68 ||   168

Table legend: (Time is in decaauts)
 A = Elapsed time spent in this place.
 B = Non-inter-level travel time spent in this place.
 C = Inter-level travel time spent in this place.
 D = Time resting spent in this place.
 E = Time spent auto-exploring this place.
 F = Levels seen in this place.
 G = Mean time per level.
                   A        B        C        D        E       F      G
               +--------+--------+--------+--------+--------+-----+--------+
         Total |   2417 |   2358 |     59 |    260 |   1015 |   5 |  483.4 |
       Dungeon |   2251 |   2192 |     59 |    211 |    960 |   4 |  562.8 |
        Temple |    165 |    165 |      0 |     49 |     55 |   1 |  165.0 |
               +--------+--------+--------+--------+--------+-----+--------+

Top non-repeatable levels by time:
     D:3: 1034 daAuts
     D:2: 790 daAuts
     D:1: 255 daAuts
     D:4: 171 daAuts
  Temple: 165 daAuts
